 Dungeon Crawl Stone Soup version 0.25-a0-513-ge77a69270c (webtiles) character file.

Game seed: 2512761100686502638, levelgen mode: deterministic

42 Emblim88 the Magician (level 3, -6/16 HPs)
             Began as a Spriggan Enchanter on Feb 16, 2020.
             Mangled by Sigmund
             ... wielding a +0 scythe
              (10 damage)
             ... on level 2 of the Dungeon.
             The game lasted 00:03:56 (1285 turns).

Emblim88 the Magician (Spriggan Enchanter)          Turns: 1285, Time: 00:03:57

Health: -6/16      AC:  2    Str:  4    XL:     3   Next: 33%
Magic:  7/10       EV: 18    Int: 17    God:
Gold:   64         SH:  0    Dex: 16    Spells: 8/11 levels left

rFire    . . .     SeeInvis +   a - +1 dagger
rCold    . . .     Gourm    .   (shield restricted)
rNeg     . . .     Faith    .   b - +0 robe
rPois    .         Spirit   .   (helmet restricted)
rElec    .         Reflect  .   (no cloak)
rCorr    .         Harm     .   (gloves unavailable)
MR       .....                  (boots unavailable)
Stlth    +++.......             (no amulet)
HPRegen  0.05/turn              (no ring)
MPRegen  0.12/turn              (no ring)

@: very quick
A: very small, unfitting armour, see invisible, herbivore, speed 3, slow
metabolism 2
a: no special abilities


You were on level 2 of the Dungeon.
You were not hungry.

You visited 1 branch of the dungeon, and saw 2 of its levels.

You collected 64 gold pieces.

Inventory:

Hand Weapons
 a - a +1 dagger (weapon)
 e - a +0 hunting sling
Missiles
 g - 14 stones (quivered)
 h - 5 poisoned darts
Armour
 b - a +0 robe (worn)
Scrolls
 c - a scroll of blinking {unknown}
 f - a scroll of enchant weapon {unknown}
 i - a scroll of teleportation {unknown}
 k - a scroll of identify {unknown}
Potions
 j - a potion of degeneration {unknown}
Comestibles
 d - 3 rations


   Skills:
 - Level 1.1 Short Blades
 - Level 3.0 Dodging
 - Level 4.4 Stealth
 * Level 4.8 Spellcasting
 - Level 3.6 Hexes


You had 8 spell levels left.
You knew the following spells:

 Your Spells              Type           Power        Failure   Level  Hunger
a - Corona                Hex            ###....      3%          1    None
b - Ensorcelled Hibernat  Hex/Ice        ##....       11%         2    #......

Your spell library contained the following spells:

 Spells                   Type           Power        Failure   Level  Hunger
 Confusing Touch          Hex            ###.....     10%         3    ###....
 Tukima's Dance           Hex            ###.....     10%         3    ###....
 Dazzling Flash           Conj/Hex       ##....       21%         3    ###....


Dungeon Overview and Level Annotations

Branches:
Dungeon (2/15)

Altars:
Cheibriados

Annotations:
D:2 Sigmund


Innate Abilities, Weirdness & Mutations

You are very small and have problems with some larger weapons.
You are too small for most types of armour.
You have supernaturally acute eyesight. (SInv)
You are a herbivore.
You cover ground extremely quickly.
You need to consume almost no food.


Message History

Casting: Ensorcelled Hibernation (safe; 11% risk of failure)
Confirm with . or Enter, or press ? or * to list all spells.
Aiming: Ensorcelled Hibernation (safe; 11% risk of failure)
Press: ? - help, Shift-Dir - straight line, f - you That would be overly suicidal.
Okay, then.
Casting: Ensorcelled Hibernation (safe; 11% risk of failure)
Confirm with . or Enter, or press ? or * to list all spells.
Aiming: Ensorcelled Hibernation (safe; 11% risk of failure)
Press: ? - help, Shift-Dir - straight line, f - you
Okay, then.
Casting: Ensorcelled Hibernation (safe; 11% risk of failure)
Confirm with . or Enter, or press ? or * to list all spells.
Aiming: Ensorcelled Hibernation (safe; 11% risk of failure)
Press: ? - help, Shift-Dir - straight line, f - Sigmund
Aim: Sigmund, wielding a +0 scythe and wearing a +0 robe (severely wounded, not susceptible) Sigmund is unaffected.
Sigmund hits you from afar with a +0 scythe!
Ouch! That really hurt!
You die...

########## ......# #........#
#...[# #........# #....###
#..>.....# #......# #
#........# #....#####[###
#...._...### ###.##.....(..)#
#..........# #@..###...........
#....<<..#.###.### #...##..#.@.
#........#.†..@#######..#....#.
#######.######.......#....##.#
#.# #...###......# .. #.# #...#
#..#... # #.. ....... .......
##. ..#.##### .##.##.# ... #.#
.. #.


You could see Sigmund.

Vanquished Creatures
  2 oozes
  3 dart slugs (D:1)
  A leopard gecko (D:1)
  2 giant cockroaches
  A hobgoblin (D:1)
  2 jackals (D:1)
  5 bats (D:1)
  3 frilled lizards (D:1)
  A goblin (D:1)
  6 kobolds (D:1)
  2 rats (D:1)
28 creatures vanquished.

Notes
Turn   | Place    | Note
-------+----------+-------------------------------------------
     0 | D:1      | Emblim88 the Spriggan Enchanter began the quest for the
                  | Orb.
     0 | D:1      | Reached XP level 1. HP: 9/9 MP: 5/5
   304 | D:1      | Reached XP level 2. HP: 12/13 MP: 3/7
   308 | D:1      | Learned a level 2 spell: Ensorcelled Hibernation
  1012 | D:1      | Reached XP level 3. HP: 16/16 MP: 9/9
  1181 | D:2      | Found a snail-covered altar of Cheibriados.
  1248 | D:2      | Noticed Sigmund
  1285 | D:2      | Mangled by Sigmund

Levels and vault maps discovered:
D:1:      denvon_arrival_planthouse, layout_basic
D:2:      layout_rooms, bloody_makhleb, nicolae_ru_path_of_blood,
          cheibriados_altar_1, uniq_sigmund, uniq_terence

Skill      XL: |  1  2 |
---------------+-------+-----
Spellcasting   | 3 4 |  4.8
Short Blades   | |  1.1
Dodging        | |  3.0
Stealth        | |  4.4
Hexes          | |  3.6

Action                   || total
-------------------------++-------
Melee: Dagger            ||   111
 Cast: Corona            ||    11
       Ensorcelled Hiber ||    20
 Stab: Sleeping          ||    17
Armor: Robe              ||     6
Dodge: Dodged            ||    90

Table legend:
 A = Non-vault XP
 B = Vault XP
 C = Vault XP percentage of total XP
 D = Non-vault monster count
 E = Vault monster count
 F = Vault count percentage of total count
                 A         B        C        D         E       F
            +---------+---------+-------+---------+---------+-------
      Total |      60 |       0 |   0.0 |      28 |       0 |   0.0
            +---------+---------+-------+---------+---------+-------
        D:1 |      51 |       0 |   0.0 |      26 |       0 |   0.0
        D:2 |       9 |       0 |   0.0 |       2 |       0 |   0.0
            +---------+---------+-------+---------+---------+-------
